 Dungeon Crawl Stone Soup version 0.20.0-15-g7f486f2 (webtiles) character file.

896 Inarius the Digger (level 8, 0/38 HPs)
             Began as a Gargoyle Earth Elementalist on June 21, 2017.
             Was an Initiate of Hepliaklqana.
             Slain by an ice beast (18 damage)
             ... on level 6 of the Dungeon.
             The game lasted 00:19:40 (6198 turns).

Inarius the Digger (Gargoyle Earth Elementalist)    Turns: 6198, Time: 00:19:40

Health: 0/38       AC: 11    Str: 13    XL:     8   Next: 7%
Magic:  17/23      EV: 12    Int: 17    God:    Hepliaklqana [......]
Gold:   296        SH:  0    Dex: 10    Spells: 3/16 levels left

rFire    + . .     SeeInvis .   g - +3 long sword (curse)
rCold    x . .     Gourm    .   (no shield)
rNeg     + . .     Faith    .   y - +0 leather armour
rPois    ∞         Spirit   .   (no helmet)
rElec    +         Reflect  .   (no cloak)
rCorr    .         Harm     .   f - +2 pair of gloves
MR       .....                  (no boots)
Stlth    ++........             k - amulet of magic regeneration
Regen    0.2/turn               s - ring of fire
MPRegen  0.3/turn               c - ring of magical power

@: no status effects
A: reduced essence, negative energy resistance 1, electricity resistance,
unbreathing, petrification resistance, rot immunity, AC +5
a: Recall Ancestor, Ancestor Identity, Renounce Religion


You were on level 6 of the Dungeon.
You worshipped Hepliaklqana.
Hepliaklqana was noncommittal.
You were hungry.

You visited 2 branches of the dungeon, and saw 7 of its levels.

You collected 296 gold pieces.

Inventory:

Hand Weapons
 g - a cursed +3 long sword (weapon)
 t - a +0 vampiric dagger
Missiles
 b - 108 stones (quivered)
Armour
 f - a +2 pair of gloves (worn)
 y - a +0 leather armour (worn)
 z - a +2 ring mail of poison resistance
Magical Staves
 w - an uncursed staff of air {unknown}
Jewellery
 c - a ring of magical power (right hand)
 k - an amulet of magic regeneration (around neck)
 s - a ring of fire (left hand)
 C - an uncursed ring of flight
Wands
 q - a wand of confusion (26/48)
Scrolls
 h - 6 scrolls of fog
 i - a scroll of amnesia
 j - 5 scrolls of teleportation
 B - a scroll of immolation
Potions
 a - a potion of resistance
 l - a potion of ambrosia {unknown}
 m - 2 potions of heal wounds
 n - 5 potions of curing {unknown}
 o - a potion of magic
 p - a potion of flight {unknown}
 x - a potion of brilliance {unknown}
 A - a potion of might {unknown}
Books
 e - a book of Geomancy

   Spells                             Type                      Level
   a - Sandblast                      Earth                        1
   b - Passwall                       Transmutation/Earth          2
   c - Stone Arrow                    Conjuration/Earth            3
   d - Petrify                        Transmutation/Earth          4
   e - Lee's Rapid Deconstruction     Earth                        5
Comestibles
 d - 3 bread rations
 r - 15 fruits
 u - 4 meat rations
 v - 3 royal jellies


   Skills:
 + Level 1.4 Fighting
 - Level 1.0 Long Blades
 * Level 4.2 Armour
 + Level 2.5 Dodging
 - Level 2.4 Stealth
 + Level 4.5 Spellcasting
 * Level 2.2 Conjurations
 + Level 0.7 Transmutations
 + Level 6.8 Earth Magic


You had 3 spell levels left.
You knew the following spells:

 Your Spells              Type           Power        Failure   Level  Hunger
a - Sandblast             Erth           ####..       1%          1    None
b - Stone Arrow           Conj/Erth      ###...       9%          3    ###....
c - Petrify               Tmut/Erth      ###.....     36%         4    ####...
d - Lee's Rapid Deconstr  Erth           ####......   30%         5    ######.


Dungeon Overview and Level Annotations

Branches:
Dungeon (6/15)             Temple (1/1) D:5

Altars:
Ashenzari
Dithmenos
Elyvilon
Fedhas
Gozag
Hepliaklqana
Makhleb
Nemelex Xobeh
Okawaru
Qazlal
Sif Muna
Yredelemnul
The Shining One


Innate Abilities, Weirdness & Mutations

You are resistant to torment.
Your stone body is resilient. (AC +5)
You are immune to poison.
You resist negative energy. (rN+)
You are resistant to electric shocks. (rElec)
You can survive without breathing.
You are immune to petrification.
You are immune to rotting.
Your life essence is reduced. (-10% HP)


Message History

Amurritum hits the ice beast.
The ice beast misses you.
Amurritum closely misses the ice beast.
The ice beast hits you but does no damage.
Casting: Stone Arrow
Confirm with . or Enter, or press ? or * to list all spells.
Aiming: Stone Arrow
Press: ? - help, Shift-Dir - straight line, f - ice beast
Aim: an ice beast (heavily wounded)
The stone arrow hits the ice beast.
The ice beast is severely wounded.
Amurritum hits the ice beast.
The ice beast hits you but does no damage.
Casting: Stone Arrow
Confirm with . or Enter, or press ? or * to list all spells.
Aiming: Stone Arrow
Press: ? - help, Shift-Dir - straight line, f/p - ice beast
Aim: an ice beast (almost dead)
The stone arrow misses the ice beast.
Amurritum barely misses the ice beast.
The ice beast hits you. The ice beast freezes you!!
You feel a terrible chill!
You die...

............. ....
............. #....
............. #...
#.....#...... ...#
......#...... #..
............# #.#
#...........##
#.###............#
##.@Y........#..#..
###..R.......###..###.
###.....#####..###.##
## ........# ##......#
#.
.###....####.......#
##.
##..............###..
##....##............
#...####.......#....
#....# #..###.......


You could see the friendly Amurritum the ancestor and an ice beast.

Vanquished Creatures
  A sky beast (D:5)
  A gnoll sergeant (D:5)
  4 wights (D:3)
  A crimson imp (D:5)
  An orc priest (D:3)
  A hound (D:5)
  A jelly (D:5)
  A bullfrog skeleton (D:5)
  3 orc wizards
  2 worker ants
  A hound skeleton (D:5)
  5 adders
  9 gnolls
  3 adder skeletons
  A worm (D:4)
  2 dart slugs
  4 leopard geckos
  15 orcs
  4 ball pythons
  5 giant cockroaches
  7 goblins
  6 hobgoblins
  6 jackals
  2 quokkas
  7 bats
  7 frilled lizards
  8 kobolds
  A quokka zombie (D:5)
  8 rats
117 creatures vanquished.

Vanquished Creatures (collateral kills)
  A worker ant (D:6)
1 creature vanquished.

Vanquished Creatures (others)
  An ancestor (D:5)
1 creature vanquished.

Grand Total: 119 creatures vanquished

Notes
Turn   | Place    | Note
-------+----------+-------------------------------------------
     0 | D:1      | Inarius the Gargoyle Earth Elementalist began the quest for the Orb.
     0 | D:1      | Reached XP level 1. HP: 10/10 MP: 3/3
   251 | D:1      | Reached skill level 4 in Earth Magic
   251 | D:1      | Reached XP level 2. HP: 15/15 MP: 3/5
   958 | D:1      | Reached XP level 3. HP: 19/19 MP: 6/6
  1527 | D:2      | Reached skill level 1 in Armour
  1527 | D:2      | Reached XP level 4. HP: 24/24 MP: 5/7
  1717 | D:2      | Reached skill level 1 in Fighting
  1771 | D:2      | Learned a level 3 spell: Stone Arrow
  1804 | D:2      | Reached skill level 5 in Earth Magic
  1805 | D:2      | Reached XP level 5. HP: 28/29 MP: 4/8
  3126 | D:3      | Reached XP level 6. HP: 13/34 MP: 10/10
  3845 | D:4      | Reached skill level 6 in Earth Magic
  3972 | D:3      | Reached XP level 7. HP: 28/38 MP: 12/12
  4811 | D:5      | Entered Level 5 of the Dungeon
  4925 | D:5      | Reached skill level 1 in Long Blades
  5067 | D:5      | Reached skill level 1 in Conjurations
  5242 | D:5      | Learned a level 4 spell: Petrify
  5248 | D:5      | Learned a level 5 spell: Lee's Rapid Deconstruction
  5257 | D:5      | Found a white marble altar of Elyvilon.
  5257 | D:5      | Found a deep blue altar of Sif Muna.
  5257 | D:5      | Found a sparkling altar of Nemelex Xobeh.
  5257 | D:5      | Found a glowing golden altar of the Shining One.
  5257 | D:5      | Found a hazy altar of Hepliaklqana.
  5257 | D:5      | Found a deep blue altar of Sif Muna.
  5257 | D:5      | Found an opulent altar of Gozag.
  5258 | D:5      | Found a blossoming altar of Fedhas.
  5258 | D:5      | Found a basalt altar of Yredelemnul.
  5258 | D:5      | Found an iron altar of Okawaru.
  5268 | D:5      | Found a sparkling altar of Nemelex Xobeh.
  5270 | D:5      | Found a stormy altar of Qazlal.
  5292 | D:5      | Became a worshipper of Hepliaklqana the Forgotten
  5294 | D:5      | Found a staircase to the Ecumenical Temple.
  5299 | Temple   | Entered the Ecumenical Temple
  5631 | D:5      | Reached XP level 8. HP: 14/38 MP: 14/14
  6198 | D:6      | Slain by an ice beast

Skill      XL: |  1  2  3  4  5  6  7 |
---------------+----------------------+-----
Earth Magic    | 4 5 6 |  6.8
Dodging        | 2 |  2.5
Armour         | 1 2 3 4 |  4.2
Fighting       | 1 |  1.4
Spellcasting   | 3 4 |  4.5
Long Blades    | 1 |  1.0
Conjurations   | 2 |  2.2
Stealth        | |  2.4
Transmutations | |  0.7

Action                   |  1- 3 |  4- 6 |  7- 9 || total
-------------------------+-------+-------+-------++-------
Melee: Unarmed           |    26 |       |       ||    26
       Dagger            |    97 |    79 |       ||   176
       Long sword        |       |    14 |    50 ||    64
 Cast: Sandblast         |     9 |    65 |    36 ||   110
       Stone Arrow       |       |       |     7 ||     7
Invok: Recall Ancestor   |       |       |     1 ||     1
  Use: Scroll            |       |     9 |     6 ||    15
 Stab: Sleeping          |     2 |     3 |       ||     5
  Eat: Chunk             |     2 |     8 |     2 ||    12
       Meat ration       |       |       |     1 ||     1
Armor: Robe              |    40 |       |       ||    40
       Leather armour    |     7 |    41 |    36 ||    84
Dodge: Dodged            |    83 |    64 |    52 ||   199
       Rpst.: Long sword |       |     2 |    15 ||    17
